 Dungeon Crawl Stone Soup version 0.18.1-48-g4cf74bf (webtiles) character file.

1050 santipi the Shield-Bearer (level 8, 0/61 HPs)
             Began as a Human Fighter on June 30, 2016.
             Was a Believer of Pakellas.
             Succumbed to Duvessa's poison
             ... on level 6 of the Dungeon.
             The game lasted 00:27:31 (5035 turns).

santipi the Shield-Bearer (Human Fighter)           Turns: 5035, Time: 00:27:31

Health: 0/61       AC:  9    Str: 18    XL:     8   Next: 50%
Magic:  7/8        EV: 13    Int:  9    God:    Pakellas [**....]
Gold:   254        SH: 15    Dex: 18    Spells: 0 memorised, 7 levels left

rFire  . . .     SeeInvis .     a - +3 war axe
rCold  . . .     Gourm    .     b - +0 scale mail
rNeg   . . .     Faith    .     u - +0 large shield
rPois  .         Spirit   .     (no helmet)
rElec  .         Dismiss  .     (no cloak)
rCorr  .         Reflect  .     g - +1 pair of gloves
SustAt .         Harm     .     (no boots)
MR     .....                    (no amulet)
Stlth  +.........               (no ring)
                                (no ring)

@: agile, lethally poisoned (0 -> -19), about to teleport, not resistant to
hostile enchantments, very unstealthy
A: no striking features
a: Quick Charge, Renounce Religion


You were on level 6 of the Dungeon.
You worshipped Pakellas.
Pakellas was pleased with you.
You were not hungry.

You visited 1 branch of the dungeon, and saw 6 of its levels.

You collected 254 gold pieces.

Inventory:

Hand Weapons
 a - a +3 war axe (weapon)
Armour
 b - a +0 scale mail (worn)
 g - a +1 pair of gloves (worn)
 u - a +0 large shield (worn)
Wands
 o - a wand of flame (18/48)
 p - a wand of flame (10/48)
Scrolls
 h - a scroll of remove curse
 j - a scroll of identify
 q - a scroll of teleportation
Potions
 c - a potion of degeneration {unknown}
 d - a potion of might
 k - a potion of flight
 n - 2 potions of agility
Comestibles
 f - a bread ration


   Skills:
 + Level 4.7 Fighting
 + Level 4.4 Axes
 + Level 5.1 Armour
 + Level 3.7 Dodging
 + Level 0.2 Stealth
 + Level 5.5 Shields
 + Level 1.0 Evocations


You had 7 spell levels left.
You didn't know any spells.

Dungeon Overview and Level Annotations

Branches:
Dungeon (6/15)
 Temple: D:4-7

Altars:
Dithmenos
Pakellas
Xom

Annotations:
D:6 Dowan, Duvessa


Message History

Dowan is heavily wounded.
* * * LOW HITPOINT WARNING * * *
You feel sick.
Duvessa hits you with a short sword of venom.
* * * LOW HITPOINT WARNING * * *
The gnoll closely misses you. You block the gnoll's attack. Dowan misses you.
You block the gnoll's attack.
Read which item? (? for menu, Esc to quit)
As you read the scroll of fear, it crumbles to dust.
You assume a fearsome visage.
Duvessa looks frightened!
Dowan looks frightened!
The gnoll looks frightened! x3
* * * LOW HITPOINT WARNING * * *
You feel sick.
Dowan casts a spell.
Dowan blinks!
Read which item? (? for menu, Esc to quit)
As you read the scroll of teleportation, it crumbles to dust.
You feel strangely unstable.
You die...
Pakellas says: Good help is so hard to find these days!

...## .... ..
#.e.# .# ..%.# ..
#...# #. #.g.#
#.##...##
#.#)....##
##.###g.@.e...#..#
.................#
.#.#.#....g......#
.. #............
.< ##.......#.## #
##......# #
##...### ..### .##


You could see Duvessa (fleeing), Dowan (fleeing) and 3 gnolls.

Vanquished Creatures
  The ghost of FrancescoMac the Chopper, an amateur HuCK of Xom (D:5)
  A sky beast (D:5)
  Blork the orc (D:6)
  The ghost of FrancescoMac the Chopper, a weakling MiBe of Trog (D:3)
  A howler monkey (D:5)
  3 crimson imps (D:3)
  A centaur zombie (D:5)
  2 orc priests (D:3)
  2 hounds (D:6)
  A centaur skeleton (D:4)
  Jessica (D:3)
  4 orc wizards
  A hound skeleton (D:4)
  A worker ant zombie (D:5)
  A gnoll (D:6)
  10 adders
  A howler monkey skeleton (D:5)
  3 worms (D:2)
  6 giant geckos
  13 orcs
  6 giant cockroaches
  8 goblins
  5 hobgoblins
  15 jackals
  6 kobolds
  3 quokkas
  2 ball pythons
  6 bats
  A giant cockroach zombie (D:5)
  6 giant newts
  6 rats
119 creatures vanquished.

Notes
Turn   | Place    | Note
--------------------------------------------------------------
     0 | D:1      | santipi the Human Fighter began the quest for the Orb.
     0 | D:1      | Reached XP level 1. HP: 18/18 MP: 1/1
   367 | D:1      | Reached XP level 2. HP: 24/24 MP: 2/2
   978 | D:2      | Reached XP level 3. HP: 16/29 MP: 3/3
  1167 | D:2      | Reached XP level 4. HP: 23/37 MP: 4/4
  1426 | D:2      | Found an oddly glowing altar of Pakellas.
  1478 | D:2      | Became a worshipper of Pakellas the Inventive
  1930 | D:3      | Found a shadowy altar of Dithmenos.
  1971 | D:3      | Reached skill level 1 in Dodging
  1971 | D:3      | Reached XP level 5. HP: 15/42 MP: 5/5
  1993 | D:3      | Noticed FrancescoMac's ghost (weakling MiBe)
  2012 | D:3      | Killed FrancescoMac's ghost
  2210 | D:3      | Reached XP level 6. HP: 33/48 MP: 6/6
  2380 | D:3      | Found a shimmering altar of Xom.
  2449 | D:3      | Reached * piety under Pakellas
  2449 | D:3      | Received a gift from Pakellas
  3126 | D:3      | Noticed Jessica
  3129 | D:3      | Killed Jessica
  3191 | D:3      | Reached XP level 7. HP: 26/54 MP: 7/7
  4050 | D:5      | Entered Level 5 of the Dungeon
  4059 | D:5      | Reached ** piety under Pakellas
  4059 | D:5      | Received a gift from Pakellas
  4226 | D:5      | Noticed FrancescoMac's ghost (amateur HuCK)
  4266 | D:5      | Killed FrancescoMac's ghost
  4266 | D:5      | Reached XP level 8. HP: 14/61 MP: 8/8
  4622 | D:5      | Reached skill level 5 in Shields
  5019 | D:6      | Reached skill level 5 in Armour
  5020 | D:6      | Noticed Blork the orc
  5023 | D:6      | Noticed Duvessa
  5026 | D:6      | Noticed Dowan
  5033 | D:6      | Killed Blork the orc
  5033 | D:6      | Reached skill level 1 in Evocations
  5034 | D:6      | HP: 2/61 [poisoned by Duvessa]
  5035 | D:6      | Succumbed to Duvessa's poison

Skill      XL: |  1  2  3  4  5  6  7  8 |
---------------+-------------------------+-----
Dodging        | 1 2 3 |  3.7
Fighting       | 4 |  4.7
Axes           | 3 4 |  4.4
Armour         | 4 5 |  5.1
Shields        | 4 5 |  5.5
Evocations     | 1 |  1.0
Stealth        | |  0.2

Action                   |  1- 3 |  4- 6 |  7- 9 || total
-------------------------+-------+-------+-------++-------
Melee: War axe           |    78 |   173 |   210 ||   461
Invok: Quick Charge      |       |       |     1 ||     1
Evoke: Wand              |       |       |    18 ||    18
  Use: Scroll            |     2 |     6 |    10 ||    18
       Potion            |     2 |     3 |     5 ||    10
  Eat: Chunk             |     1 |     7 |     4 ||    12
       Bread ration      |       |       |     1 ||     1
Armor: Scale mail        |    42 |    75 |   107 ||   224
Dodge: Dodged            |    24 |    60 |    68 ||   152
Block: Shield            |    47 |    90 |    42 ||   179
       Large shield      |       |       |   137 ||   137
